 Dungeon Crawl Stone Soup version 0.29.1-2-gbd0b4ee654 (webtiles) character file.

Game seed: 18278733256421434794

99 raph the Firebug (level 4, 0/24 HPs)
             Began as a Deep Elf Fire Elementalist on Nov 23, 2022.
             Was an Initiate of Kikubaaqudgha.
             Slain by a quokka (4 damage)
             ... on level 4 of the Dungeon.
             The game lasted 00:04:19 (3775 turns).

raph the Firebug (Deep Elf Fire Elementalist)       Turns: 3775, Time: 00:04:19

Health: 0/24       AC:  3    Str:  5    XL:     4   Next: 45%
Magic:  5/10       EV: 16    Int: 22    God:    Kikubaaqudgha [......]
Gold:   175        SH:  0    Dex: 15    Spells: 0/9 levels left

rFire   + . .      SeeInvis .   o - +0 dagger
rCold   x . .      Faith    .   (no shield)
rNeg    . . .      Spirit   .   a - +1 robe
rPois   .          Reflect  .   (no helmet)
rElec   .          Harm     .   (no cloak)
rCorr   .          Rampage  .   (no gloves)
Will    .....                   (no boots)
Stlth   ++........              (no amulet)
HPRegen 0.08/turn               c - ring of fire
MPRegen 0.12/turn               f - +4 ring of evasion

@: no status effects
A: no striking features
a: Renounce Religion


You were on level 4 of the Dungeon.
You worshipped Kikubaaqudgha.
Kikubaaqudgha was noncommittal.
You visited 1 branch of the dungeon, and saw 4 of its levels.

You collected 175 gold pieces.

Inventory:

Hand Weapons
 o - a +0 dagger (weapon)
Missiles
 g - 2 throwing nets
 i - 5 poisoned darts
Armour
 a - a +1 robe (worn)
Jewellery
 c - a ring of fire (left hand)
 f - a +4 ring of evasion (right hand)
Wands
 p - a wand of iceblast (9)
Scrolls
 j - 2 scrolls of teleportation
 q - 2 scrolls of butterflies
Potions
 b - 2 potions of magic
 d - 3 potions of attraction {unknown}
 e - a potion of flight
 h - a potion of brilliance {unknown}
 k - a potion of invisibility
 l - 2 potions of might
 m - 2 potions of heal wounds {unknown}
 n - a potion of mutation {unknown}
 r - a potion of curing {unknown}


   Skills:
 - Level 2.4 Dodging
 - Level 2.4 Stealth
 + Level 3.2 Spellcasting
 + Level 1.4 Conjurations
 * Level 5.6 Fire Magic


You couldn't memorise any spells.
You knew the following spells:

 Your Spells              Type           Power      Damage    Failure   Level
a - Foxfire               Conj/Fire      100%       2x1d9     2%          1
b - Scorch                Fire           84%        2d9       1%          2
c - Conjure Flame         Conj/Fire      28%        6-21      9%          3
d - Inner Flame           Hex/Fire       23%        N/A       12%         3

Your spell library contained the following spells:

 Spells                   Type           Power      Damage    Failure   Level
 Beastly Appendage        Tmut           6%         N/A       12%         1
 Sting                    Tmut/Pois      12%        1d3       12%         1
 Wereblood                Tmut           3%         N/A       19%         2
 Flame Wave               Conj/Fire      28%        2d9       28%         4
 Gell's Gravitas          Tloc           3%         N/A       36%         3
 Lesser Beckoning         Tloc           3%         N/A       36%         3
 Spider Form              Tmut/Pois      3%         N/A       36%         3
 Teleport Other           Tloc           3%         N/A       36%         3


Dungeon Overview and Level Annotations

Branches:
Dungeon (4/15)             Temple (0/1) D:4

Altars:
Kikubaaqudgha
Yredelemnul


Message History

The quokka twitches its whiskers.
An iguana comes into view.
The endoplasm attacks as you move away! The endoplasm misses you.
The iguana hisses angrily.
The quokka bites you. The quokka closely misses you. The iguana bites you.
The iguana attacks as you move away! The iguana bites you!
Ouch! That really hurt!
* * * LOW HITPOINT WARNING * * *
The quokka attacks as you move away! The quokka bites you.
* * * LOW HITPOINT WARNING * * *
Found a scroll of identify.
Casting: Scorch (safe; 1% risk of failure)
Confirm with . or Enter, or press ? or * to list all spells.
You feel a surge of power!
You conjure some foxfire!
The quokka closely misses you.
The endoplasm hits you but does no damage.
The iguana closely misses you.
Your foxfire dissipates!
The foxfire hits the endoplasm.
You kill the endoplasm!
Kikubaaqudgha accepts your kill. The quokka misses you.
The quokka attacks as you move away! The quokka closely misses you.
Casting: Foxfire (safe; 2% risk of failure)
Confirm with . or Enter, or press ? or * to list all spells.
You feel a surge of power!
Flames lash the quokka.
You kill the quokka!
Kikubaaqudgha accepts your kill. The quokka barely misses you.
The quokka attacks as you move away! The quokka barely misses you. x2
Casting: Scorch (safe; 1% risk of failure)
Confirm with . or Enter, or press ? or * to list all spells.
You feel a surge of power!
Flames lash the endoplasm.
You kill the endoplasm!
Kikubaaqudgha accepts your kill. The quokka bites you.
You die...
Kikubaaqudgha rasps: "You have failed me!
Welcome... death!"

##.* ##.........* ##
...####........#** #.
.........####### #. ...#..##.#
############. #.....#..#
#............ #.......###
#....##....## #.....#...#####
###....##.##..#
......#.#<....#####..........##.#
................@rl.#....###..#.#
#[....#######...#####>.?...##...#
#.....# ###.#** ##.#...?#...#
#.....# #..,***#.#....#$...
#.....# ##*,,,*#.##...#*##.
###...#* ***,,,..*###.,,*# *
#...<*** ***,,.,,,*,,,,* *
##...,,* *,,,,,,*,,,,* *
****,,**************,,,,**,,,,


You could see an iguana and a quokka.

Vanquished Creatures
  3 adders
  A dart slug (D:2)
  9 ball pythons
  6 bats
  6 endoplasms
  2 giant cockroaches
  7 goblins
  8 hobgoblins
  2 jackals (D:2)
  4 kobolds
  6 quokkas
  3 frilled lizards
  6 rats
63 creatures vanquished.

Vanquished Creatures (others)
  157 foxfires
157 creatures vanquished.

Grand Total: 220 creatures vanquished

Notes
Turn   | Place    | Note
-------+----------+-------------------------------------------
     0 | D:1      | raph the Deep Elf Fire Elementalist began the quest for the
                  | Orb.
     0 | D:1      | Reached XP level 1. HP: 10/10 MP: 6/6
   154 | D:1      | Reached XP level 2. HP: 2/15 MP: 5/8
   422 | D:1      | Reached skill level 4 in Fire Magic
   790 | D:1      | Learned a level 2 spell: Scorch
   811 | D:1      | Found a faded altar of an unknown god.
   821 | D:1      | Got Plato's Almanac of Sculpting
  1484 | D:2      | Found a basalt altar of Yredelemnul.
  1641 | D:2      | Reached XP level 3. HP: 19/19 MP: 3/9
  1645 | D:2      | Learned a level 3 spell: Conjure Flame
  1748 | D:2      | Reached skill level 5 in Fire Magic
  2500 | D:2      | Reached XP level 4. HP: 24/24 MP: 7/10
  2626 | D:2      | Learned a level 3 spell: Inner Flame
  2756 | D:3      | Found an ancient bone altar of Kikubaaqudgha.
  2763 | D:3      | Became a worshipper of Kikubaaqudgha
  3775 | D:4      | Slain by a quokka

Illustrated notes

Levels and vault maps discovered:
D:1:      matt_arrival_grand_opening, layout_basic,
          shapermc_ecumenical_altar_rom_forum
D:2:      layout_loops_cross, basic_altar, minmay_divided_ellipse
D:3:      layout_basic, nicolae_overflow_crystal_walls, serial_park_tiny_pond,
          roderic_serpentine_path
D:4:      layout_rooms, nicolae_overflow_hidden_temple, temple_green,
          eino_curves_01, minmay_bent

Skill      XL: |  1  2  3 |
---------------+----------+-----
Fire Magic     | 4 5 |  5.6
Dodging        | |  2.4
Stealth        | |  2.4
Spellcasting   | |  3.2
Conjurations   | |  1.4

Action                   |  1- 3 |  4- 6 || total
-------------------------+-------+-------++-------
Melee: Unarmed           |     8 |       ||     8
       Dagger            |       |     2 ||     2
 Cast: Foxfire           |    86 |    16 ||   102
       Scorch            |     6 |    16 ||    22
  Use: Scroll            |     4 |     4 ||     8
Armor: Robe              |    11 |     1 ||    12
Dodge: Dodged            |    39 |    16 ||    55
